AoeStats
← Hector

Arena

510325743Analyzed
3v3 RM · 15h ago on Sep 30, 2026· 45m 0s· 6 players
Game mode
Random Map
Map size
Normal (6 player)
Population
200
Speed
Normal
Resources
Standard
Victory
Conquest
Starting age
Dark Age
Ending age
Imperial Age
RankedLock teamsTeams togetherTeam positionsShared explorationLock speedFull tech treeHidden civsTurbo modeCheats
Victory
Defeat
🇵🇪 Celts · Peru
1525
+18
🇮🇹 Slavs · Italy
1491
+19
🇦🇹 Teutons · Austria
1452
+21
🇭🇰 Khmer · Hong Kong SAR China
1620
-22
🇭🇰 Italians · Hong Kong SAR China
1575
-20
🇨🇳 Chinese · China
1481
-16
GdR_Tuna
10:57 Feudal Age
14:39 Castle Age
12:57 Double-Bit Axe
15:41 Bow Saw
16:43 Horse Collar
21:01 Wheelbarrow
21:19 Heavy Plow
21:30 Gold Mining
24:30 Hand Cart
25:39 Loom
25:39 Town Watch
29:17 Imperial Age
27:02 Scale Mail Armor
27:12 Forging
27:22 Pikeman
28:03 Squires
28:20 Chain Mail Armor
29:10 Town Patrol
29:46 Iron Casting
29:25 Halberdier
30:43 Plate Mail Armor
30:28 Siege Engineers
31:24 Chemistry
32:09 Gold Shaft Mining
31:25 Stone Mining
32:23 Masonry
33:35 Blast Furnace
32:23 Capped Ram
33:12 Siege Ram
34:14 Fletching
35:08 Druzhina
35:35 Conscription
36:21 Onager
37:31 Siege Onager
45:00 Two-Man Saw
OnlyzJxMs_v
10:44 Feudal Age
12:14 Double-Bit Axe
15:20 Castle Age
13:28 Horse Collar
16:23 Bow Saw
17:05 Wheelbarrow
16:47 Gold Mining
18:13 Town Watch
20:25 Forging
23:27 Scale Mail Armor
27:56 Hand Cart
29:59 Stone Mining
31:41 Fortified Wall
33:57 Loom
37:10 Imperial Age
34:57 Fletching
35:28 Heavy Plow
36:07 Stone Shaft Mining
36:07 Gold Shaft Mining
36:07 Stone Shaft Mining
36:07 Gold Shaft Mining
35:56 Masonry
38:15 Ballistics
38:09 Capped Ram
39:26 Iron Casting
38:20 Heavy Scorpion
38:44 Man-at-Arms
39:45 Siege Engineers
39:38 Gambesons
39:39 Arson
39:41 Long Swordsman
42:16 Chemistry
42:20 Blast Furnace
41:18 Bodkin Arrow
40:47 Two-Handed Swordsman
41:34 Siege Ram
42:12 Champion
43:40 Conscription
44:52 Pikeman
Hector
10:25 Feudal Age
14:00 Castle Age
12:05 Double-Bit Axe
12:27 Horse Collar
14:58 Bow Saw
14:49 Heavy Plow
19:35 Wheelbarrow
22:29 Town Watch
23:46 Hand Cart
24:03 Gold Mining
25:43 Stone Mining
25:49 Loom
28:40 Imperial Age
26:22 Scale Mail Armor
27:18 Chain Mail Armor
26:50 Pikeman
27:43 Forging
27:52 Squires
27:58 Fletching
28:06 Arson
28:53 Onager
29:55 Conscription
30:06 Plate Mail Armor
28:58 Halberdier
29:59 Bodkin Arrow
30:18 Siege Engineers
32:25 Iron Casting
32:53 Chemistry
32:25 Crop Rotation
32:56 Two-Man Saw
32:36 Siege Onager
34:33 Blast Furnace
35:01 Ballistics
36:42 Masonry
39:02 Coinage
38:44 Guilds
39:38 Crenellations
41:01 Town Patrol
43:59 Banking
45:44 Ironclad
局長
10:02 Loom
11:47 Feudal Age
14:10 Double-Bit Axe
14:08 Horse Collar
17:03 Castle Age
16:25 Stone Mining
16:26 Gold Mining
16:50 Town Watch
17:40 Wheelbarrow
17:56 Wheelbarrow
19:03 Fletching
22:45 Fortified Wall
45:50 Imperial Age
44:30 Bodkin Arrow
44:35 Padded Archer Armor
45:09 Hand Cart
44:45 Treadmill Crane
羅敏莊
10:33 Feudal Age
11:00 Double-Bit Axe
10:55 Horse Collar
15:25 Castle Age
16:35 Bow Saw
16:27 Heavy Plow
23:12 Wheelbarrow
23:15 Fortified Wall
26:01 Gold Mining
26:03 Stone Mining
27:43 Gold Shaft Mining
29:55 Imperial Age
27:29 Town Watch
28:04 Scale Barding Armor
28:09 Forging
28:38 Bloodlines
28:28 Husbandry
28:39 Tusk Swords
28:50 Devotion
29:37 Hand Cart
29:08 Loom
30:15 Chain Barding Armor
30:30 Iron Casting
31:05 Elite Battle Elephant
33:10 Conscription
33:58 Chemistry
33:19 Ballistics
33:15 Light Cavalry
33:34 Elite Ballista Elephant
35:01 Double Crossbow
35:28 Siege Engineers
34:58 Hussar
36:16 Plate Barding Armor
41:20 Fletching
42:56 Blast Furnace
42:08 Bodkin Arrow
平头哥赵子龙啊
0:29 Loom
10:08 Feudal Age
14:22 Castle Age
12:52 Double-Bit Axe
15:34 Horse Collar
16:41 Wheelbarrow
15:52 Town Watch
21:37 Heavy Plow
22:01 Bow Saw
24:51 Gold Mining
28:15 Imperial Age
26:51 Hand Cart
26:36 Town Patrol
26:29 Fletching
27:19 Ballistics
28:53 Forging
28:39 Bodkin Arrow
28:46 Padded Archer Armor
30:11 Chemistry
29:23 Fortified Wall
29:08 Murder Holes
29:55 Gold Shaft Mining
29:45 Conscription
29:43 Bracer
29:59 Leather Archer Armor
30:36 Stone Mining
31:27 Ring Archer Armor
30:57 Heavy Rocket Cart
33:40 Rocketry
37:32 Heavy Scorpion
38:36 Elite Chu Ko Nu
Connection lost

Rejoining the realm…

Still unreachable

The connection could not be restored.

Session expired

The server has moved on; the page needs a fresh start.